 Dungeon Crawl Stone Soup version 0.29.1-1-gd02db6906a (webtiles) character file.

Game seed: 1733448266057345235

119 Uniporpoise the Magician (level 5, -4/43 HPs)
             Began as a Gnoll Wanderer on Oct 21, 2022.
             Was a Believer of Lugonu.
             Killed from afar by an orc wizard (9 damage)
             ... with a puff of flame
             ... on level 3 of the Dungeon.
             The game lasted 00:09:09 (2978 turns).

Uniporpoise the Magician (Gnoll Wanderer)           Turns: 2978, Time: 00:09:10

Health: -4/43      AC:  3    Str: 11    XL:     5   Next: 3%
Magic:  12/12      EV: 11    Int: 15    God:    Lugonu [**....]
Gold:   122        SH:  3    Dex: 10    Spells: 9/14 levels left

rFire   . . .      SeeInvis .   r - +2 sling (freeze)
rCold   . . .      Faith    .   i - +0 buckler
rNeg    . . .      Spirit   .   h - +0 leather armour
rPois   .          Reflect  .   (no helmet)
rElec   .          Harm     .   (no cloak)
rCorr   .          Rampage  .   (no gloves)
Will    .....                   (no boots)
Stlth   +.........              (no amulet)
HPRegen 0.14/turn               (no ring)
MPRegen 0.13/turn               (no ring)

@: no status effects
A: fangs 1, strong nose, distributed training
a: Renounce Religion, Depart the Abyss, Bend Space


You were on level 3 of the Dungeon.
You worshipped Lugonu.
Lugonu was pleased with you.
You visited 1 branch of the dungeon, and saw 3 of its levels.

You collected 122 gold pieces.

Inventory:

Hand Weapons
 r - a +2 sling of freezing (weapon)
 s - a +0 halberd
Missiles
 b - 4 boomerangs
 n - 5 poisoned darts
Armour
 h - a +0 leather armour (worn)
 i - a +0 buckler (worn)
 l - a +0 scale mail
Jewellery
 o - a ring of fire
Scrolls
 e - 3 scrolls of identify {unknown}
 f - a scroll of noise {unknown}
 g - 2 scrolls of teleportation
 j - a scroll of blinking {unknown}
 k - a scroll of fog {unknown}
 m - a scroll of fear {unknown}
Potions
 d - a potion of haste
 p - a potion of heal wounds {unknown}
 q - a potion of attraction {unknown}


   Skills:
 + Level 4.7 Fighting
 + Level 1.4 Short Blades
 + Level 1.4 Long Blades
 + Level 4.7 Axes
 + Level 1.4 Maces & Flails
 + Level 1.4 Polearms
 + Level 1.4 Staves
 + Level 1.4 Ranged Weapons
 + Level 4.7 Throwing
 + Level 1.4 Armour
 + Level 1.4 Dodging
 + Level 1.4 Stealth
 + Level 1.4 Shields
 + Level 1.4 Unarmed Combat
 + Level 5.1 Spellcasting
 + Level 1.1 Conjurations
 + Level 3.9 Hexes
 + Level 1.1 Summonings
 + Level 1.1 Necromancy
 + Level 1.1 Translocations
 + Level 1.1 Transmutations
 + Level 1.1 Fire Magic
 + Level 1.1 Ice Magic
 + Level 1.1 Air Magic
 + Level 1.1 Earth Magic
 + Level 1.1 Poison Magic
 + Level 1.5 Invocations
 + Level 1.4 Evocations


You had 9 spell levels left.
You knew the following spells:

 Your Spells              Type           Power      Damage    Failure   Level
a - Slow                  Hex            60%        N/A       5%          1
b - Sandblast             Erth           14%        2d6       19%         1
c - Summon Guardian Gole  Hex/Summ       11%        N/A       30%         3

Your spell library contained the following spells:

 Spells                   Type           Power      Damage    Failure   Level
 Passwall                 Tmut/Erth      5%         N/A       26%         2
 Gell's Gravitas          Tloc           7%         N/A       47%         3
 Lesser Beckoning         Tloc           7%         N/A       47%         3
 Stone Arrow              Conj/Erth      14%        3d7       47%         3
 Teleport Other           Tloc           7%         N/A       47%         3
 Leda's Liquefaction      Hex/Erth       5%         N/A       69%         4


Dungeon Overview and Level Annotations

Branches:
Dungeon (3/15)

Altars:
Lugonu

Shops:
D:2 *


Innate Abilities, Weirdness & Mutations

You have very sharp teeth.
Your uncanny sense of smell can sniff out nearby items.
Your experience applies equally to all skills.


Message History

Aim: an orc wizard, wielding a +0 dagger and wearing a +0 robe (almost dead, slow, 50% to hit)
You shoot a sling bullet.
The sling bullet barely misses the orc wizard.
The orc wizard hits you with a +0 dagger.
Unknown command.
Fire: r) +2 sling (freeze)
Press: ? - help, Q - select action, (/) - cycle Shift-Dir - straight line, f/p - orc wizard
Aim: an orc wizard, wielding a +0 dagger and wearing a +0 robe (almost dead, slow, 50% to hit)
You shoot a sling bullet.
The sling bullet barely misses the orc wizard.
The orc wizard hits you with a +0 dagger.
The orc wizard points at you and mumbles some strange words.
The puff of flame misses you.
Fire: r) +2 sling (freeze)
Press: ? - help, Q - select action, (/) - cycle Shift-Dir - straight line, f/p - orc wizard
Aim: an orc wizard, wielding a +0 dagger and wearing a +0 robe (almost dead, slow, 50% to hit)
You shoot a sling bullet.
The sling bullet closely misses the orc wizard.
The orc wizard points at you and mumbles some strange words.
The puff of flame hits you!
* * * LOW HITPOINT WARNING * * *
Unknown command.
Fire: r) +2 sling (freeze)
Press: ? - help, Q - select action, (/) - cycle Shift-Dir - straight line, f/p - orc wizard
Aim: an orc wizard, wielding a +0 dagger and wearing a +0 robe (almost dead, slow, 50% to hit)
You shoot a sling bullet.
The sling bullet barely misses the orc wizard.
The orc wizard points at you and mumbles some strange words.
You resist with some effort.
Fire: r) +2 sling (freeze)
Press: ? - help, Q - select action, (/) - cycle Shift-Dir - straight line, f/p - orc wizard
Aim: an orc wizard, wielding a +0 dagger and wearing a +0 robe (almost dead, slow, 50% to hit)
You shoot a sling bullet.
The sling bullet completely misses the orc wizard.
The orc wizard mumbles some strange words.
The orc wizard flickers and vanishes!
Deactivating autopickup; reactivate with Ctrl-A.
A puff of flame appears from out of thin air!
The puff of flame hits you!
You die...

#.# ## ####.##### #. .#
#........# #. .#
###.##.###.###+## #. .# ##.#.##.#
#.##...## #### ##. .####....##.#
#.#.....## #..†.... .#..........#
#........###.##.##.
.#.##....>.####.........##.#...#.
............{...@.....÷.'.......<
##.###.#...####.........##.#....(
#.# #.##.## ##.......###.##.###
#.# #.##.# ##.....## #.##.# # #.#
#.##.# ##...## #.##.### #.#
#.##.# ##+## #....... #.. .....#
####.### ### #.#### #.# #.#


There were no monsters in sight!

Vanquished Creatures
  An orc priest (D:3)
  4 gnolls (D:2)
  An adder (D:3)
  5 orcs
  3 endoplasms
  A giant cockroach (D:1)
  2 goblins (D:2)
  2 hobgoblins
  4 jackals (D:1)
  3 quokkas
  2 ball pythons
  5 bats
  3 frilled lizards
  A kobold (D:1)
  3 rats
40 creatures vanquished.

Notes
Turn   | Place    | Note
-------+----------+-------------------------------------------
     0 | D:1      | Uniporpoise the Gnoll Wanderer began the quest for the Orb.
     0 | D:1      | Uniporpoise set off with the following items: a +0 hand
                  | axe, 7 boomerangs, a +0 dagger, a potion of haste, a +0
                  | robe; and the following spell memorised: Slow; and the
                  | following spells available to memorise: Summon Guardian
                  | Golem, Leda's Liquefaction.
     0 | D:1      | Reached XP level 1. HP: 20/20 MP: 6/6
   334 | D:1      | Learned a level 1 spell: Sandblast
   501 | D:1      | Reached XP level 2. HP: 22/26 MP: 7/7
  1412 | D:2      | Found Noeluwk's Assorted Antiques.
  1768 | D:2      | Reached skill level 5 in Spellcasting
  1768 | D:2      | Reached XP level 3. HP: 16/31 MP: 7/9
  1936 | D:2      | Reached skill level 1 in Invocations
  1950 | D:2      | Reached skill level 1 in Short Blades
  1950 | D:2      | Reached skill level 1 in Long Blades
  1950 | D:2      | Reached skill level 1 in Maces & Flails
  1950 | D:2      | Reached skill level 1 in Polearms
  1950 | D:2      | Reached skill level 1 in Staves
  1950 | D:2      | Reached skill level 1 in Ranged Weapons
  1950 | D:2      | Reached skill level 1 in Armour
  1950 | D:2      | Reached skill level 1 in Dodging
  1950 | D:2      | Reached skill level 1 in Stealth
  1950 | D:2      | Reached skill level 1 in Shields
  1950 | D:2      | Reached skill level 1 in Unarmed Combat
  1950 | D:2      | Reached skill level 1 in Evocations
  2007 | D:2      | Reached XP level 4. HP: 29/38 MP: 11/11
  2483 | D:2      | Found a faded altar of an unknown god.
  2501 | D:2      | Prayed at the altar of an unknown god.
  2501 | D:2      | Became a worshipper of Lugonu the Unformed
  2501 | D:2      | Reached * piety under Lugonu
  2501 | D:2      | Reached ** piety under Lugonu
  2708 | D:2      | Learned a level 3 spell: Summon Guardian Golem
  2767 | D:3      | Reached skill level 1 in Conjurations
  2767 | D:3      | Reached skill level 1 in Summonings
  2767 | D:3      | Reached skill level 1 in Necromancy
  2767 | D:3      | Reached skill level 1 in Translocations
  2767 | D:3      | Reached skill level 1 in Transmutations
  2767 | D:3      | Reached skill level 1 in Fire Magic
  2767 | D:3      | Reached skill level 1 in Ice Magic
  2767 | D:3      | Reached skill level 1 in Air Magic
  2767 | D:3      | Reached skill level 1 in Earth Magic
  2767 | D:3      | Reached skill level 1 in Poison Magic
  2898 | D:3      | Reached XP level 5. HP: 29/43 MP: 12/12
  2978 | D:3      | Killed from afar by an orc wizard

Illustrated notes

Levels and vault maps discovered:
D:1:      dpeg_arrival_yet_another_circle, layout_basic
D:2:      layout_loops_corners, serial_shops, shop_statue,
          hellmonk_ecumenical_altar_defaced_shrine
D:3:      layout_loops_corners, overflow_temple_1_default, bloody_trog,
          lemuel_crystal_altar

Skill      XL: |  1  2  3  4 |
---------------+-------------+-----
Spellcasting   | 5 |  5.1
Invocations    | 1 |  1.5
Short Blades   | 1 |  1.4
Long Blades    | 1 |  1.4
Maces & Flails | 1 |  1.4
Polearms       | 1 |  1.4
Staves         | 1 |  1.4
Ranged Weapons | 1 |  1.4
Armour         | 1 |  1.4
Dodging        | 1 |  1.4
Stealth        | 1 |  1.4
Shields        | 1 |  1.4
Unarmed Combat | 1 |  1.4
Evocations     | 1 |  1.4
Conjurations   | 1 |  1.1
Summonings     | 1 |  1.1
Necromancy     | 1 |  1.1
Translocations | 1 |  1.1
Transmutations | 1 |  1.1
Fire Magic     | 1 |  1.1
Ice Magic      | 1 |  1.1
Air Magic      | 1 |  1.1
Earth Magic    | 1 |  1.1
Poison Magic   | 1 |  1.1
Fighting       | |  4.7
Axes           | |  4.7
Throwing       | |  4.7
Hexes          | |  3.9

Action                   |  1- 3 |  4- 6 || total
-------------------------+-------+-------++-------
Melee: Hand axe          |    90 |    14 ||   104
       Bite              |    10 |     1 ||    11
 Fire: Sling             |       |    36 ||    36
Throw: Boomerang         |    27 |     6 ||    33
 Cast: Slow              |    10 |     9 ||    19
  Use: Potion            |     1 |       ||     1
       Scroll            |       |     1 ||     1
Armor: Robe              |    17 |       ||    17
       Skin              |    12 |       ||    12
       Leather armour    |     8 |     5 ||    13
Dodge: Dodged            |    77 |     6 ||    83
Block: Buckler           |    11 |     5 ||    16
